 Dungeon Crawl Stone Soup version 0.25.0-11-g1f837a76a1 (webtiles) character file.

Game seed: 17544235040987456450

793 Curus the Chopper (level 7, -2/57 HPs)
             Began as a Minotaur Abyssal Knight on June 24, 2020.
             Was a Priest of Lugonu.
             Slain by a hell rat (5 damage)
             ... on level 5 of the Dungeon.
             The game lasted 00:17:09 (4560 turns).

Curus the Chopper (Minotaur Abyssal Knight)         Turns: 4560, Time: 00:17:10

Health: -2/57      AC:  8    Str: 16    XL:     7   Next: 57%
Magic:  0/10       EV:  6    Int:  9    God:    Lugonu [***...]
Gold:   351        SH:  8    Dex: 12    Spells: 6/6 levels left

rFire    . . .     SeeInvis .   m - +0 war axe
rCold    . . .     Gourm    .   (no shield)
rNeg     . . .     Faith    .   e - +0 chain mail
rPois    .         Spirit   +   (helmet restricted)
rElec    .         Reflect  .   (no cloak)
rCorr    +         Harm     .   (no gloves)
MR       .....                  (no boots)
Stlth    ..........             n - brooch of Shielding {Spirit SH+8}
HPRegen  0.19/turn              f - ring of resist corrosion
MPRegen  0.12/turn              o - ring of flight

@: heavily drained
A: retaliatory headbutt, horns 2
a: Depart the Abyss, Bend Space, Banish, Renounce Religion, Evoke Flight


You were on level 5 of the Dungeon.
You worshipped Lugonu.
Lugonu was most pleased with you.
You were not hungry.

You visited 1 branch of the dungeon, and saw 5 of its levels.
You visited the Abyss 1 time.

You collected 351 gold pieces.

Inventory:

Hand Weapons
 a - a +1 hand axe
 m - a +0 war axe (weapon)
Armour
 b - a +0 leather armour
 e - a +0 chain mail (worn)
 l - the cursed +1 scale mail of Pathos {+Blink MR+ Dex+2 Stlth+}
   (You found it on level 4 of the Dungeon)

   It affects your dexterity (+2).
   It affects your resistance to hostile enchantments.
   It lets you blink.
   It makes you more stealthy.
   It has a curse placed upon it.
Jewellery
 d - an uncursed ring of fire
 f - a ring of resist corrosion (left hand)
 h - a +6 ring of intelligence
 i - an uncursed amulet of reflection
 n - the brooch of Shielding (around neck) {Spirit SH+8}
   (You found it on level 4 of the Dungeon)

   [amulet of guardian spirit]

   It causes incoming damage to be split between your health and magic.
   It affects your SH (+8).
 o - a ring of flight (right hand)
Wands
 p - a wand of iceblast (8)
Scrolls
 j - 3 scrolls of fog
 k - a scroll of identify
 q - a scroll of remove curse
Potions
 g - a potion of curing
Comestibles
 c - 15 rations


   Skills:
 - Level 3.6(2.2) Fighting
 + Level 7.6(6.0) Axes
 - Level 2.4(1.0) Armour
 - Level 1.1(0.0) Dodging
 + Level 6.2(4.7) Invocations


You had 6 spell levels left.
You didn't know any spells.
Your spell library contained the following spells:

 Spells                   Type           Power        Failure   Level  Hunger
 Animate Skeleton         Necr           N/A          100%        1    ##.....
 Apportation              Tloc           #.....       100%        1    ##.....
 Corona                   Hex            #......      100%        1    ##.....
 Summon Small Mammal      Summ           #...         100%        1    ##.....
 Ensorcelled Hibernation  Hex/Ice        #.....       100%        2    ###....
 Confusing Touch          Hex            #.......     100%        3    ####...
 Dazzling Flash           Conj/Hex       #.....       100%        3    ####...
 Tukima's Dance           Hex            #.......     100%        3    ####...


Dungeon Overview and Level Annotations

Branches:
Dungeon (5/15)
 Temple: D:4-7

Altars:
Nemelex Xobeh
Qazlal
Ru

Shops:
D:5 [

Annotations:
D:2 Sigmund


Innate Abilities, Weirdness & Mutations

You reflexively headbutt those who attack you in melee.
You have a pair of horns on your head.


Message History

The hell rat bites you!
You feel drained.
Okay, then.
Unknown command.
Unknown command.
You closely miss the hell rat.
You headbutt the hell rat, but do no damage.
The hell rat is lightly wounded.
The hell rat barely misses you. The hell rat bites you.
* * * LOW HITPOINT WARNING * * *
You feel drained.
Your chain mail prevents you from hitting the hell rat.
The hell rat is lightly wounded.
The hell rat closely misses you.
You slash the hell rat!
You headbutt the hell rat, but do no damage.
The hell rat is heavily wounded.
The hell rat bites you!
* * * LOW HITPOINT WARNING * * *
You feel drained.
You die...

############ #...........'....'.
##..........###...........######.
.'.).........<...[...........>...
##............#########.###..####
#......................# ##.###
#...........################..#
##...........# ###r......###..#
.............####rr##†..#...##.##
############.#.#@#######r# #.##.#
#.##.## #.rr†r..##.##
#)#.####..rrr#..##.###
#.##..##[...# ...##..#
#..###.##... .######.
#....##.##### ######.#
#..#..##..#.###†#...##
##.##..###.#...#.####
#.###...#########


You could see a hell rat, a river rat and a rat.

Vanquished Creatures
  An ice beast (D:5)
  An ogre (D:5)
  A howler monkey (D:5)
  4 crimson imps (D:5)
  A hound (D:5)
  An orc priest (D:4)
  A bullfrog skeleton (D:4)
  An orc wizard (D:4)
  Jessica (D:3)
  An iguana (D:4)
  2 hell rats
  A worker ant (D:5)
  A gnoll (D:1)
  8 adders
  3 river rats (D:5)
  A shadow imp (D:3)
  A worm (D:4)
  A dart slug (D:5)
  2 leopard geckos
  8 orcs
  7 bats
  4 giant cockroaches
  10 goblins
  5 hobgoblins
  2 jackals (D:2)
  3 quokkas (D:2)
  3 ball pythons (D:5)
  A frilled lizard (D:1)
  9 kobolds
  21 rats
106 creatures vanquished.

Notes
Turn   | Place    | Note
-------+----------+-------------------------------------------
     0 | Abyss:1  | Curus the Minotaur Abyssal Knight began the quest for the
                  | Orb.
     0 | Abyss:1  | Reached XP level 1. HP: 19/19 MP: 1/1
    73 | Abyss:1  | Noticed a spatial vortex
    83 | Abyss:1  | Noticed a spatial vortex
   108 | Abyss:1  | Noticed a spatial vortex
   124 | Abyss:1  | Noticed a neqoxec
   125 | D:1      | Escaped the Abyss
   416 | D:1      | Reached XP level 2. HP: 26/26 MP: 2/2
   417 | D:1      | Reached skill level 3 in Axes
   461 | D:1      | Reached * piety under Lugonu
   603 | D:1      | Reached XP level 3. HP: 31/31 MP: 2/4
  1132 | D:2      | Reached skill level 4 in Axes
  1140 | D:2      | Reached XP level 4. HP: 38/39 MP: 5/5
  1467 | D:2      | Reached ** piety under Lugonu
  1536 | D:2      | Noticed Sigmund
  1722 | D:3      | Noticed Jessica
  1727 | D:3      | Killed Jessica
  1727 | D:3      | Reached XP level 5. HP: 30/45 MP: 6/6
  2140 | D:3      | Found a sacrificial altar of Ru.
  2313 | D:4      | Got a heavily runed scale mail
  2328 | D:4      | Found the brooch of Shielding {Spirit SH+8}
  2338 | D:4      | Reached skill level 5 in Axes
  2648 | D:4      | Reached XP level 6. HP: 51/51 MP: 2/8
  2763 | D:4      | Found a sacrificial altar of Ru.
  2766 | D:4      | Found a sparkling altar of Nemelex Xobeh.
  2769 | D:4      | Found a stormy altar of Qazlal.
  3018 | D:4      | Identified the cursed +1 scale mail of Pathos {+Blink MR+
                  | Dex+2 Stlth+} (You found it on level 4 of the Dungeon)
  3020 | D:5      | Entered Level 5 of the Dungeon
  3175 | D:5      | Reached skill level 6 in Axes
  3184 | D:5      | Reached skill level 5 in Invocations
  3352 | D:5      | Found the +2 ratskin cloak {+Rats rPois rN+ Str-1 Int-1
                  | Dex+1}
  3736 | D:5      | Reached XP level 7. HP: 20/57 MP: 3/10
  4046 | D:5      | Reached *** piety under Lugonu
  4046 | D:5      | Reached skill level 7 in Axes
  4269 | D:5      | Found Daus's Armour Shoppe.
  4560 | D:5      | Slain by a hell rat

Illustrated notes

Levels and vault maps discovered:
D:1:      dpeg_arrival_solitude, layout_loops_ring, minmay_tree_intersection
D:2:      layout_loops_ring, uniq_sigmund
D:3:      layout_loops_ring, nicolae_ru_the_path_less_chosen, uniq_jessica
D:4:      layout_cave_pools, grunt_temple_overflow_diamond, amethyst_killhole
D:5:      wander_guarded_unrand_ratskin, layout_basic, first_ration,
          serial_shops, shop, grunt_ministairs_11

Skill      XL: |  1  2  3  4  5  6  7 |
---------------+----------------------+-----
Invocations    | 2 3 4 5 6 |  6.2
Axes           | 3 4 5 6 7 |  7.6
Fighting       | |  3.6
Armour         | |  2.4
Dodging        | |  1.1

Action                   |  1- 3 |  4- 6 |  7- 9 || total
-------------------------+-------+-------+-------++-------
Melee: Hand axe          |    62 |    84 |       ||   146
       Headbutt          |     8 |    30 |    11 ||    49
       War axe           |       |   108 |    49 ||   157
Invok: Depart the Abyss  |     1 |       |       ||     1
  Use: Scroll            |     2 |     5 |       ||     7
       Potion            |     1 |     2 |     2 ||     5
  Eat: Chunk             |     1 |     8 |     3 ||    12
Armor: Chain mail        |    30 |    91 |    15 ||   136
       Leather armour    |     2 |       |       ||     2
Dodge: Dodged            |    25 |    57 |    12 ||    94
Block: Other             |       |    49 |     6 ||    55
       Reflection        |       |     1 |       ||     1
